 Dungeon Crawl Stone Soup version 0.23-a0-444-g76343ca (webtiles) character file.

39 CoolMonkey the Covered (level 3, -12/33 HPs)
             Began as a Minotaur Fighter on Nov 16, 2018.
             Mangled by an orc warrior
             ... wielding a +0 battleaxe
              (23 damage)
             ... on level 2 of the Dungeon.
             The game lasted 00:06:39 (513 turns).

CoolMonkey the Covered (Minotaur Fighter)            Turns: 513, Time: 00:06:40

Health: -12/33     AC:  7    Str: 21    XL:     3   Next: 26%
Magic:  2/2        EV:  7    Int:  5    God:
Gold:   38         SH:  9    Dex:  9    Spells: 2/2 levels left

rFire    . . .     SeeInvis .   a - +0 long sword
rCold    . . .     Gourm    .   c - +0 shield
rNeg     . . .     Faith    .   b - +0 scale mail
rPois    .         Spirit   .   (helmet restricted)
rElec    .         Reflect  .   (no cloak)
rCorr    .         Harm     .   (no gloves)
MR       .....     Rnd*Tele +   (no boots)
Stlth    ..........             (no amulet)
HPRegen  0.11/turn              k - ring of teleportation (curse)
MPRegen  0.08/turn              (no ring)

@: no status effects
A: retaliatory headbutt, horns 2
a: no special abilities


You were on level 2 of the Dungeon.
You were not hungry.

You visited 1 branch of the dungeon, and saw 2 of its levels.

You collected 38 gold pieces.

Inventory:

Hand Weapons
 a - a +0 long sword (weapon)
Armour
 b - a +0 scale mail (worn)
 c - a +0 shield (worn)
Jewellery
 k - a cursed ring of teleportation (left hand)
Potions
 d - a potion of might
 e - a potion of resistance {unknown}
 g - a potion of curing
Comestibles
 f - 2 rations
 h - 4 chunks of flesh


   Skills:
 + Level 4.1 Fighting
 + Level 2.9 Long Blades
 + Level 4.2 Armour
 + Level 0.2 Dodging
 + Level 4.1 Shields


You had 2 spell levels left.
You didn't know any spells.
Your spell library was empty.

Dungeon Overview and Level Annotations

Branches:
Dungeon (2/15)

Altars:


Innate Abilities, Weirdness & Mutations

You reflexively headbutt those who attack you in melee.
You have a pair of horns on your head.


Message History

Found a scroll labeled WOS GINOEDI.
Found a stone staircase leading up.
The giant cockroach bites you but does no damage.
The giant cockroach barely misses you. You furiously retaliate!
You headbutt the giant cockroach!
You kill the giant cockroach!
i - a scroll labeled WOS GINOEDI
As you read the scroll labeled WOS GINOEDI, it crumbles to dust.
The air around you briefly surges with heat, but it dissipates.
It was a scroll of immolation.
An orc warrior comes into view. It is wielding a +0 battleaxe.
The orc warrior shouts!
You hear a shout!
An orc priest comes into view. It is wielding a +0 flail.
The orc priest shouts!
The orc warrior hits you with a +0 battleaxe!!
Ouch! That really hurt!
You closely miss the orc warrior.
An orc wizard comes into view. It is wielding a +0 dagger.
The orc warrior hits you with a +0 battleaxe!!
Ouch! That really hurt!
You die...

#..........# #..........#
#..........#
#.........<#####
##........#....#
#..............#
#..............#
#..............##########
##.......@......##.......#
.........o.......#.......#
####..........###.........#
##......#### #.......#
####÷....# #.......#
####...o....#######........
.......÷..................#
...####o....##### #.......#
..####.....# #.......#


You could see an orc warrior, an orc priest and an orc wizard.

Vanquished Creatures
  An adder (D:2)
  A dart slug (D:1)
  A leopard gecko (D:2)
  3 bats (D:1)
  4 giant cockroaches
  3 goblins (D:1)
  2 hobgoblins (D:2)
  4 jackals (D:2)
  4 kobolds
23 creatures vanquished.

Notes
Turn   | Place    | Note
-------+----------+-------------------------------------------
     0 | D:1      | CoolMonkey the Minotaur Fighter began the quest for the
                  | Orb.
     0 | D:1      | Reached XP level 1. HP: 19/19 MP: 0/0
    92 | D:1      | Reached XP level 2. HP: 27/27 MP: 1/1
   417 | D:2      | Reached XP level 3. HP: 29/33 MP: 2/2
   509 | D:2      | Noticed an orc warrior
   513 | D:2      | Mangled by an orc warrior

Vault maps used:
D:1:      mrwooster_arrival_statue_3
D:2:      minmay_3d_cube, uniq_natasha

Skill      XL: |  1  2 |
---------------+-------+-----
Armour         | 4 |  4.2
Fighting       | 4 |  4.1
Shields        | 4 |  4.1
Long Blades    | |  2.9
Dodging        | |  0.2

Action                   || total
-------------------------++-------
Melee: Long sword        ||    51
       Headbutt          ||     4
  Use: Scroll            ||     3
Armor: Scale mail        ||    39
Dodge: Dodged            ||    29
Block: Shield            ||    36
       Rpst.: Long sword ||     8

Table legend:
 A = Non-vault XP
 B = Vault XP
 C = Vault XP percentage of total XP
 D = Non-vault monster count
 E = Vault monster count
 F = Vault count percentage of total count
                 A         B        C        D         E       F
            +---------+---------+-------+---------+---------+-------
      Total |      52 |       4 |   7.1 |      21 |       2 |   8.7
            +---------+---------+-------+---------+---------+-------
        D:1 |      23 |       0 |   0.0 |      12 |       0 |   0.0
        D:2 |      29 |       4 |  12.1 |       9 |       2 |  18.2
            +---------+---------+-------+---------+---------+-------
